 Dungeon Crawl Stone Soup version 0.17-a0-1945-gfe993df (webtiles) character file.

108 4thArraOfDagon the Poker (level 4, -1/35 HPs)
             Began as a Merfolk Gladiator on Sept 30, 2015.
             Slain by a quokka (3 damage)
             ... on level 8 of the Dungeon.
             The game lasted 00:04:54 (917 turns).

4thArraOfDagon the Poker (Merfolk Gladiator)         Turns: 917, Time: 00:04:54

Health: -1/35      AC:  3    Str: 15    XL:     4   Next: 87%
Magic:  4/4        EV: 14    Int:  8    God:
Gold:   112        SH:  0    Dex: 14    Spells: 0 memorised, 3 levels left

rFire  . . .     SeeInvis .     a - +1 trident
rCold  . . .     Clarity  .     b - +0 leather armour
rNeg   . . .     SustAt   .     (no shield)
rPois  .         Gourm    .     j - +0 helmet
rElec  .         Spirit   .     (no cloak)
rCorr  +         Warding  .     r - +0 pair of gloves
rMut   .         Stasis   .     (no boots)
MR     .....                    i - amulet of resist corrosion
Stlth  +.........               (no ring)
                                k - -2 ring of protection (curse)

@: very slightly contaminated, not resistant to hostile enchantments, very
unstealthy
A: change form in water, swift swim
a: no special abilities


You were on level 8 of the Dungeon.
You were not hungry.

You visited 1 branch of the dungeon, and saw 8 of its levels.

You collected 112 gold pieces.

Inventory:

Hand weapons
 a - a +1 trident (weapon)
 q - a +0 falchion of holy wrath
Missiles
 d - 2 throwing nets (quivered)
Armour
 b - a +0 leather armour (worn)
 j - a +0 helmet (worn)
 r - a +0 pair of gloves (worn)
Jewellery
 i - an amulet of resist corrosion (around neck)
 k - a cursed -2 ring of protection (left hand)
Magical devices
 c - a wand of flame (28)
 p - a wand of magic darts (29)
Potions
 f - a potion of heal wounds
 g - a potion of agility
 o - a potion of curing
Books
 m - a book of Hinderance

   Spells                             Type                      Level
   a - Confusing Touch                Hexes                        2
   b - Confuse                        Hexes                        3
   c - Gell's Gravitas                Hexes/Translocation          3
   d - Petrify                        Transmutation/Earth          4
   e - Metabolic Englaciation         Hexes/Ice                    5
Comestibles
 e - 4 bread rations
 l - a beef jerky
 n - 4 fruits
 s - a chunk of flesh


   Skills:
 + Level 3.1 Fighting
 * Level 6.4 Polearms
 - Level 2.0 Throwing
 + Level 5.0 Dodging


You had 3 spell levels left.
You didn't know any spells.

Dungeon Overview and Level Annotations

Branches:
Dungeon (8/15)
 Temple: D:4-7         Lair: D:8-11

Altars:
Dithmenos
Fedhas
Gozag
Makhleb
Yredelemnul
Zin

Portals:
Sewer: D:3

Annotations:
D:3 ololoev's ghost, weakling HEFi
D:8 Anothat's ghost, experienced VSMo


Message History

Found a rapier.
Unknown command.
A jackal comes into view.
The jackal barks!
The hound bites you.
The orc priest mumbles some strange prayers to Beogh against you.
Something smites you!
* * * LOW HITPOINT WARNING * * *
Anothat's ghost says, "I was once a great warrior, and I still am!"
Anothat's ghost closely misses you. The hound closely misses you.
A wolf and an electric eel come into view.
The wolf howls!
Found 10 gold pieces and a scroll labeled ZIYHED TEOCK.
Unknown command.
A jackal comes into view.
The jackal barks!
The hound barely misses you.
A wolf comes into view.
The quokka bites you.
You die...

#(+....#.##...<# #.#
#.#....#.##....####T#
.# #...##.....<...#
##### ##.o.#....######
..$.)####...<......#
...............[......
..................###
..#...rW...........
#..@.h............
#..#h...≈...≈≈..≈.
.........≈≈.≈.≈≈≈.≈
#.......h.≈≈.≈.≈≈≈.
#...#....≈≈≈≈≈.≈≈
#....#....≈≈≈≈≈.;≈
.... #?....≈≈≈≈.≈ >...
#.....h≈≈≈.


You could see 2 wolves, a hound, an orc priest, Anothat's ghost, a quokka and a
jackal.

Vanquished Creatures
  An iguana (D:6)
  An orc wizard (D:4)
  3 adders
  2 orcs
  3 bats (D:2)
  2 giant cockroaches (D:7)
  A hobgoblin (D:1)
  A kobold (D:1)
  3 quokkas
  2 giant geckos
  A giant newt (D:2)
  A goblin (D:3)
  3 rats (D:2)
24 creatures vanquished.

Vanquished Creatures (others)
  An orc (D:4)
1 creature vanquished.

Grand Total: 25 creatures vanquished

Notes
Turn   | Place    | Note
--------------------------------------------------------------
     0 | D:1      | 4thArraOfDagon the Merfolk Gladiator began the quest for the Orb.
     0 | D:1      | Reached XP level 1. HP: 16/16 MP: 1/1
    86 | D:2      | Reached XP level 2. HP: 14/23 MP: 2/2
    87 | D:2      | Reached skill level 5 in Polearms
   177 | D:2      | Reached XP level 3. HP: 23/28 MP: 3/3
   272 | D:3      | Noticed ololoev's ghost (weakling HEFi)
   318 | D:3      | Found a glowing drain.
   389 | D:4      | Reached XP level 4. HP: 10/34 MP: 4/4
   414 | D:4      | Reached skill level 6 in Polearms
   470 | D:4      | You fall through a shaft for 2 floors!
   509 | D:6      | Noticed a phantom
   584 | D:5      | Entered Level 5 of the Dungeon
   687 | D:6      | Reached skill level 5 in Dodging
   700 | D:6      | Found an opulent altar of Gozag.
   708 | D:6      | Found a basalt altar of Yredelemnul.
   708 | D:6      | Found a shadowy altar of Dithmenos.
   715 | D:6      | Found a burning altar of Makhleb.
   715 | D:6      | Found a blossoming altar of Fedhas.
   812 | D:7      | Found a glowing silver altar of Zin.
   846 | D:8      | Noticed a troll
   889 | D:7      | Noticed an ice beast
   904 | D:8      | Noticed an ice beast
   909 | D:8      | Noticed Anothat's ghost (experienced VSMo)
   915 | D:8      | Noticed a wolf
   917 | D:8      | Noticed a wolf
   917 | D:8      | Slain by a quokka

Vault maps used:
D:1:      lordsloth_arrival_two_stooges
D:2:      nicolae_qazlal_style_of_elements
D:3:      portal_sewer_entry_c, nrook_mini_backslash
D:4:      kennysheep_little_box, nemelex_altar_shiori, minmay_vboxes
D:5:      first_bread
D:6:      minmay_overflow_temple_star_hex, minmay_fire_ice_demons
D:7:      nicolae_overflow_crystal_walls, trog_eyes_of_draining,
          minmay_temple_entry_enclosed_plants, minmay_gold_behind_fungi,
          uniq_pikel
D:8:      erik_lair_island, grunt_pizzeria

Action                   |  1- 3 |  4- 6 || total
-------------------------+-------+-------++-------
Melee: Trident           |    57 |    35 ||    92
Throw: Throwing net      |     5 |     2 ||     7
  Use: Scroll            |     3 |     3 ||     6
       Potion            |     2 |       ||     2
 Stab: Held in net/web   |     2 |     1 ||     3
       Invisible         |     1 |       ||     1
       Sleeping          |       |     2 ||     2
